 Dungeon Crawl Stone Soup version 0.26-b1-32-g5d43845318 (webtiles) character file.

Game seed: 7603332393318698949

1345 MisterFreud the Blocker (level 8, -8/80 HPs)
             Began as a Troll Fighter on Jan 12, 2021.
             Was a Believer of Ru.
             Mangled by a two-headed ogre
             ... wielding a +0 giant club
              (26 damage)
             ... on level 8 of the Dungeon.
             The game lasted 00:07:36 (6359 turns).

MisterFreud the Blocker (Troll Fighter)             Turns: 6359, Time: 00:07:36

Health: -8/80      AC:  6    Str: 25    XL:     8   Next: 36%
Magic:  0/7        EV: 10    Int:  2    God:    Ru [**....]
Gold:   237        SH: 11    Dex:  9    Spells: 7/7 levels left

rFire    . . .     SeeInvis .     - Unarmed
rCold    . . .     Faith    .   b - +0 kite shield
rNeg     . . .     Spirit   +   a - +0 robe
rPois    .         Reflect  .   (helmet restricted)
rElec    .         Harm     .   (no cloak)
rCorr    .         Rampage  .   (gloves unavailable)
Will     .....                  (boots unavailable)
Stlth    ..........             D - amulet of guardian spirit
HPRegen  0.63/turn              w - -4 ring of intelligence (curse)
MPRegen  0.10/turn              y - ring of attention (curse)

@: no status effects
A: large, unfitting armour, claws 3, regeneration 1, shaggy fur 1, tough skin 3,
inexperienced 1
a: Renounce Religion


You were on level 8 of the Dungeon.
You worshipped Ru.
Ru was pleased with you.
You visited 1 branch of the dungeon, and saw 8 of its levels.

You collected 433 gold pieces.
You spent 196 gold pieces at shops.

Inventory:

Hand Weapons
 t - a +1 dagger of venom
Missiles
 l - 7 javelins
 r - 10 boomerangs
 s - 67 poisoned darts (quivered)
Armour
 a - a +0 robe (worn)
 b - a +0 kite shield (worn)
Jewellery
 w - a cursed -4 ring of intelligence (left claw)
 y - a cursed ring of attention (right claw)
 A - a +6 ring of strength {unknown}
 C - an uncursed ring of protection from fire
 D - an amulet of guardian spirit (around neck)
 F - an uncursed ring of ice {unknown}
 H - an uncursed ring of poison resistance {unknown}
Wands
 q - a wand of digging (9)
Scrolls
 d - 13 scrolls of identify
 e - 3 scrolls of fear
 f - 7 scrolls of remove curse
 g - 3 scrolls of amnesia {unknown}
 h - 3 scrolls of fog
 i - 3 scrolls of enchant weapon {unknown}
 j - 3 scrolls of noise {unknown}
 m - 3 scrolls of random uselessness {unknown}
 o - 3 scrolls of magic mapping
 p - 4 scrolls of teleportation {unknown}
 u - a scroll of immolation {unknown}
 G - a scroll of blinking {unknown}
Potions
 c - 7 potions of might
 k - 2 potions of heal wounds {unknown}
 n - 3 potions of curing {unknown}
 v - 2 potions of berserk rage {unknown}
 x - a potion of magic {unknown}
 z - a potion of flight {unknown}
 B - a potion of degeneration {unknown}
 E - 2 potions of cancellation {unknown}


   Skills:
 - Level 5.0 Fighting
 - Level 2.4 Dodging
 + Level 8.1 Shields
 - Level 8.0 Unarmed Combat


You had 7 spell levels left.
You didn't know any spells.
Your spell library was empty.

Dungeon Overview and Level Annotations

Branches:
Dungeon (8/15)             Temple (0/1) D:7            Lair (0/6) D:8

Altars:
Dithmenos
Elyvilon
Nemelex Xobeh
Okawaru
Ru
Sif Muna
Trog
Wu Jian
Xom
Zin

Shops:
D:4 [([:?


Innate Abilities, Weirdness & Mutations

You are too large for most types of armour.
You have claws for hands.
Your natural rate of healing is unusually fast.
You are covered in fur. (AC +1)
You have extremely tough skin. (AC +3)
You are somewhat inexperienced. (-2 XL)


Message History

You closely miss the two-headed ogre.
The two-headed ogre is moderately wounded.
You block the two-headed ogre's attack.
The two-headed ogre hits you with a +0 giant club!
You scratch the two-headed ogre.
The two-headed ogre is moderately wounded.
You block the two-headed ogre's attack.
The two-headed ogre hits you with a +0 giant club!
You claw the two-headed ogre!
The two-headed ogre is heavily wounded.
You mangle the two-headed ogre!!
The two-headed ogre is almost dead.
The two-headed ogre hits you with a +0 giant club!
The two-headed ogre barely misses you.
You barely miss the two-headed ogre.
The two-headed ogre is almost dead.
The two-headed ogre hits you with a +0 giant club!
* * * LOW HITPOINT WARNING * * *
The two-headed ogre hits you with a +0 giant club!!
You die...

#..>....##
##.....## ..
##...## .. #+## .#
#.# .# #.# ### .#
##.## ##.## (#
##...###.#.#####O#
#.....#.#......@.#
###...###...#######
.....#####.##
###........#
##########


You could see a two-headed ogre.

Vanquished Creatures
  A wyvern (D:8)
  A yak (D:8)
  A sky beast (D:7)
  A black bear (D:8)
  2 ogres (D:4)
  3 phantoms
  5 bullfrogs
  2 scorpions
  4 killer bees (D:8)
  9 wights
  A howler monkey (D:6)
  2 hounds
  A centaur skeleton (D:4)
  An orc priest (D:8)
  8 orc wizards
  Jessica (D:2)
  An iguana (D:7)
  10 worker ants
  A bullfrog simulacrum (D:8)
  4 gnolls (D:5)
  7 adders
  2 white imps
  An ooze (D:1)
  An adder zombie (D:7)
  3 worms
  A dart slug (D:1)
  4 leopard geckos
  22 orcs
  2 ball pythons
  3 giant cockroaches
  4 goblins
  6 hobgoblins
  4 jackals
  4 quokkas
  8 bats
  2 frilled lizards
  8 kobolds
  2 leopard gecko skeletons
  A leopard gecko zombie (D:5)
  10 rats
154 creatures vanquished.

Vanquished Creatures (others)
  An orc (D:8)
1 creature vanquished.

Grand Total: 155 creatures vanquished

Notes
Turn   | Place    | Note
-------+----------+-------------------------------------------
     0 | D:1      | MisterFreud the Troll Fighter began the quest for the Orb.
     0 | D:1      | Reached XP level 1. HP: 22/22 MP: 0/0
   146 | D:1      | Reached XP level 2. HP: 29/29 MP: 1/1
   886 | D:2      | Reached XP level 3. HP: 36/36 MP: 2/2
   887 | D:2      | Noticed Jessica
   891 | D:2      | Killed Jessica
   979 | D:2      | Reached XP level 4. HP: 39/44 MP: 3/3
  1022 | D:2      | Found a glowing silver altar of Zin.
  1569 | D:3      | Reached skill level 5 in Unarmed Combat
  2020 | D:3      | Found a shimmering altar of Xom.
  2227 | D:4      | Noticed a phantom
  2244 | D:4      | Reached XP level 5. HP: 36/50 MP: 4/4
  2263 | D:4      | Killed a phantom
  2315 | D:4      | Reached XP level 6. HP: 54/59 MP: 5/5
  2502 | D:4      | Found Kericwono's Magic Scroll Boutique.
  2506 | D:4      | Bought a scroll of fog for 28 gold pieces
  2506 | D:4      | Bought a scroll of fear for 49 gold pieces
  2506 | D:4      | Bought a scroll of magic mapping for 49 gold pieces
  2506 | D:4      | Bought a scroll of identify for 28 gold pieces
  2636 | D:4      | Found Malab's Book Boutique.
  2671 | D:4      | Found Limy's Antique Armour Shoppe.
  2720 | D:4      | Found Geh Zoch's Armour Shoppe.
  2920 | D:4      | Found Kikaunn's Antique Weapon Shop.
  2972 | D:5      | Entered Level 5 of the Dungeon
  3129 | D:5      | Reached XP level 7. HP: 58/66 MP: 6/6
  3980 | D:6      | Found a shadowy altar of Dithmenos.
  3993 | D:6      | Reached XP level 8. HP: 79/79 MP: 7/7
  4012 | D:6      | Reached skill level 5 in Fighting
  4286 | D:6      | Found a shimmering blue altar of Sif Muna.
  4502 | D:4      | Bought a scroll of remove curse for 42 gold pieces
  4567 | D:7      | Found a sacrificial altar of Ru.
  4574 | D:7      | Found a sparkling altar of Nemelex Xobeh.
  4575 | D:7      | Found an iron altar of Okawaru.
  4583 | D:7      | Found a bloodstained altar of Trog.
  4585 | D:7      | Became a worshipper of Ru the Awakened
  4637 | D:7      | Found an ornate altar of the Wu Jian Council.
  4857 | D:7      | Reached skill level 5 in Shields
  5019 | D:7      | Found a white marble altar of Elyvilon.
  5464 | D:7      | Found a staircase to the Ecumenical Temple.
  5682 | D:7      | Gained mutation: You are somewhat inexperienced. (-2 XL)
                  | [Ru sacrifice]
  5682 | D:7      | Reached XP level 7. HP: 72/72 MP: 6/6
  5682 | D:7      | Reached XP level 6. HP: 66/66 MP: 5/5
  5682 | D:7      | Reached * piety under Ru
  5682 | D:7      | Reached ** piety under Ru
  5988 | D:8      | Reached XP level 7. HP: 63/72 MP: 4/6
  6197 | D:8      | Noticed a wyvern
  6200 | D:8      | Noticed a yak
  6203 | D:8      | Killed a wyvern
  6204 | D:8      | Reached XP level 8. HP: 69/80 MP: 5/7
  6247 | D:8      | Found a staircase to the Lair.
  6350 | D:8      | Noticed a two-headed ogre
  6359 | D:8      | Mangled by a two-headed ogre

Illustrated notes

Levels and vault maps discovered:
D:1:      grunt_arrival_lava_bath, layout_basic, minmay_pentomino_u4
D:2:      layout_loops_ring, marbit_many_paths, minivault_26,
          kennysheep_generic_room_2, uniq_jessica
D:3:      layout_loops_ring, brannock_xom_greatest_gift
D:4:      layout_basic, serial_shops, nicolae_shop_trees, shop_statue, shop,
          kennysheep_mini, nicolae_shop_waterfront
D:5:      layout_basic
D:6:      layout_cave_pools, tgw_sif, nicolae_overflow_hidden_temple,
          grunt_dithmenos_shadows
D:7:      layout_layer_cave, grunt_temple_overflow_open,
          overflow_temple_1_default, temple_green, basic_altar
D:8:      layout_loops_corners, david_lair_generic, serial_ice, serial_ice_m,
          serial_ice_i, serial_ice_g, serial_ice_f, minmay_misc_feat_cross,
          uniq_erica

Skill      XL: |  1  2  3  4  5  6  7  8 |
---------------+-------------------------+-----
Unarmed Combat | 3 4 5 6 7 8 |  8.0
Fighting       | 4 5 |  5.0
Shields        | 7 8 |  8.1
Dodging        | |  2.4

Action                   |  1- 3 |  4- 6 |  7- 9 || total
-------------------------+-------+-------+-------++-------
Melee: Unarmed           |    71 |   147 |   297 ||   515
Throw: Dart              |       |       |     1 ||     1
Invok: Sacrifice Experie |       |     1 |       ||     1
 Stab: Sleeping          |     1 |       |       ||     1
Armor: Robe              |    24 |    37 |    52 ||   113
Dodge: Dodged            |    24 |    52 |    57 ||   133
Block: Kite shield       |    32 |    65 |   124 ||   221
